 Dungeon Crawl Stone Soup version 0.31-a0-1591-g515db51633 (webtiles) character file.

Game seed: 14152584298169520628

271 Lobster4 the Changeling (level 6, 0/46 HPs)
             Began as a Merfolk Shapeshifter on Jan 6, 2024.
             Incinerated by a bombardier beetle (4 damage)
             ... with a burning spray
             ... on level 4 of the Dungeon.
             The game lasted 00:07:10 (2949 turns).

Lobster4 the Changeling (Merfolk Shapeshifter)      Turns: 2949, Time: 00:07:10

Health: 0/46       AC: 11    Str: 16    XL:     6   Next: 23%
Magic:  6/6        EV: 15    Int: 12    God:
Gold:   150        SH:  0    Dex: 13    Spells: 5/5 levels left

rFire   . .          .
                       - Unarmed
rCold   . . .        (no shield)
rNeg    . . .        a - +5 scale mail of Hubegutt {Int+2}
rPois   .            (helmet currently unavailable)
rElec   .            l - melded scarf {repulsion}
rCorr   .            (gloves currently unavailable)
SInv    .            v - melded +1 pair of boots
Will    .....        (no amulet)
Stlth   +            p - +5 ring of evasion
HPRegen 0.27/turn    (no ring)
MPRegen 0.10/turn

%: no passive effects
@: on fire, beast-form, glowing
A: beast (slay +3), (nimble swimmer 2), mertail
a: Begin Untransformation


You were on level 4 of the Dungeon.
You were a hulking beast.
You visited 1 branch of the dungeon, and saw 4 of its levels.

You collected 150 gold pieces.

Inventory:

Hand Weapons
 n - a +0 short sword
 r - a +5 heavy trident
 t - a +1 vampiric whip
Missiles
 i - 32 stones (quivered)
 k - an atropa-tipped dart
Armour
 a - the +5 scale mail of Hubegutt (worn) {Int+2}
   (You found it on level 3 of the Dungeon)

   Int+2:     It affects your intelligence (+2).
 l - a scarf of repulsion (melded)
 m - a +0 ring mail
 v - a +1 pair of boots (melded)
Jewellery
 p - a +5 ring of evasion (left hand)
Talismans
 c - a beast talisman (active)
 d - a flux talisman
Scrolls
 b - a scroll of poison {unknown}
 e - a scroll of silence {unknown}
 f - 2 scrolls of teleportation
 g - a scroll of enchant weapon {unknown}
 j - 10 scrolls of identify {unknown}
 o - a scroll of fear {unknown}
 q - 2 scrolls of enchant armour {unknown}
 s - a scroll of noise {unknown}
Potions
 h - a potion of haste
 u - a potion of magic {unknown}
 w - a potion of enlightenment {unknown}
 x - a potion of heal wounds {unknown}


   Skills:
 + Level 2.9 Fighting
 - Level 1.0 Throwing
 + Level 1.5 Armour
 - Level 3.0 Dodging
 - Level 2.0 Stealth
 + Level 4.2 Unarmed Combat
 * Level 5.6 Shapeshifting


You had 5 spell levels left.
You didn't know any spells.
Your spell library contained the following spells:

 Spells                   Type           Power      Damage    Failure   Level
 Slow                     Hex            0%         N/A       77%         1
 Confusing Touch          Hex            0%         N/A       98%         3
 Sigil of Binding         Hex            0%         N/A       98%         3
 Vampiric Draining        Necr           0%         2d6       98%         3
 Summon Blazeheart Golem  Fire/Summ      0%         N/A       100%        4
 Orb of Destruction       Conj           0%         9d5       100%        7
 Spellforged Servitor     Conj/Summ      0%         N/A       100%        7


Dungeon Overview and Level Annotations

Branches:
Dungeon (4/15)
 Temple: D:4-7

Altars:


Innate Abilities, Weirdness & Mutations

You are a hulking beast.
Your limbs bulge with bestial killing power. (Slay +3)
((You are very nimble when in or above water. (Stealth+, EV+, Speed+++)))
Your lower body shifts to a powerful aquatic tail in water.


Message History

The burning spray hits you.
You are covered in liquid fire!
You hit the bombardier beetle but do no damage.
The bombardier beetle is moderately wounded.
The liquid fire burns you!
The bombardier beetle sprays incendiary fluid at you.
The burning spray hits you.
You are even more covered in liquid fire!
You hit the bombardier beetle.
The bombardier beetle is heavily wounded.
The liquid fire burns you!
You shake off some of the fire as you move.
The liquid fire burns you!
The bombardier beetle bites you but does no damage.
You hit the bombardier beetle.
The bombardier beetle is severely wounded.
The liquid fire burns you!
You hit the bombardier beetle but do no damage.
The bombardier beetle is severely wounded.
The liquid fire burns you! The bombardier beetle bites you.
You barely miss the bombardier beetle.
The bombardier beetle is severely wounded.
The liquid fire burns you!
* * * LOW HITPOINT WARNING * * *
You hit the bombardier beetle.
Your punch misses the bombardier beetle.
The bombardier beetle is almost dead.
The liquid fire burns you!
* * * LOW HITPOINT WARNING * * *
The bombardier beetle bites you.
* * * LOW HITPOINT WARNING * * *
Okay, then.
You hit the bombardier beetle but do no damage.
The bombardier beetle is almost dead.
The liquid fire burns you!
* * * LOW HITPOINT WARNING * * *
You shake off some of the fire as you move.
The liquid fire burns you!
You die...

#........#
##........## ..
##..........## ##..
#....).....†.# ....
#.....†....#.## ....
#....(.....#..# ....
#....(....###)###....
#.........###.<......
##..h................
#...B.....#######....
#............ ....
#.........### ....
#.........# >...
#....$....# ....
##........# ....
.......#.. ....
.........###


You could see a bombardier beetle.

Vanquished Creatures
  A scorpion (D:4)
  A hound (D:4)
  Jessica (D:2)
  Terence (D:2)
  7 gnolls (D:3)
  An adder (D:2)
  A ribbon worm (D:3)
  3 orcs (D:3)
  6 endoplasms
  5 goblins
  5 hobgoblins
  5 jackals
  3 kobolds
  7 ball pythons
  5 bats
  4 rats
56 creatures vanquished.

Notes
Turn   | Place    | Note
-------+----------+-------------------------------------------
     0 | D:1      | Lobster4 the Merfolk Shapeshifter began the quest for the
                  | Orb.
     0 | D:1      | Reached XP level 1. HP: 15/15 MP: 1/1
    86 | D:1      | Reached XP level 2. HP: 19/21 MP: 2/2
   824 | D:2      | Noticed Jessica
   830 | D:2      | Killed Jessica
   831 | D:2      | Reached skill level 1 in Stealth
   831 | D:2      | Reached XP level 3. HP: 23/27 MP: 3/3
   947 | D:2      | Reached XP level 4. HP: 33/33 MP: 4/4
  1249 | D:2      | Noticed Terence
  1259 | D:2      | Killed Terence
  1681 | D:3      | Identified the +5 scale mail of Hubegutt {Int+2}
  1721 | D:3      | Reached skill level 1 in Armour
  1917 | D:3      | Reached skill level 5 in Shapeshifting
  1917 | D:3      | Reached XP level 5. HP: 30/39 MP: 5/5
  2078 | D:3      | Reached skill level 1 in Throwing
  2913 | D:4      | Reached XP level 6. HP: 46/46 MP: 6/6
  2949 | D:4      | Incinerated by a bombardier beetle

Illustrated notes

Levels and vault maps discovered:
D:1:      dpeg_arrival_erosion, layout_basic, grunt_decor_mini_mirrors,
          minmay_misc_feat_tower
D:2:      layout_loops_corners, kennysheep_path_1, corexii_leaking_fountain,
          minmay_pentomino_r2, uniq_jessica, uniq_terence
D:3:      minmay_inner_zag, layout_loops_corners
D:4:      layout_rooms, kennysheep_vampire_church, minmay_shop_grid_forest

Skill      XL: |  1  2  3  4  5 |
---------------+----------------+-----
Fighting       | 2 |  2.9
Dodging        | 3 |  3.0
Stealth        | 1 2 |  2.0
Armour         | 1 |  1.5
Shapeshifting  | 5 |  5.6
Throwing       | 1 |  1.0
Unarmed Combat | 4 |  4.2

Action                     |  1- 3 |  4- 6 || total
---------------------------+-------+-------++-------
  Melee: Unarmed           |    52 |   117 ||   169
         Punch             |     2 |       ||     2
  Throw: Dart              |       |     6 ||     6
         Stone             |       |     7 ||     7
    Use: Potion            |       |     3 ||     3
         Scroll            |       |     1 ||     1
   Stab: Sleeping          |     2 |       ||     2
 Armour: Animal skin       |    12 |       ||    12
         Ring mail         |     7 |     5 ||    12
         Scale mail        |       |    49 ||    49
         Skin              |       |    14 ||    14
  Dodge: Dodged            |    25 |    67 ||    92
   Form: Beast             |     2 |     1 ||     3
                           |     1 |     1 ||     2

Table legend: (Time is in decaauts)
 A = Elapsed time spent in this place.
 B = Non-inter-level travel time spent in this place.
 C = Inter-level travel time spent in this place.
 D = Time resting spent in this place.
 E = Time spent auto-exploring this place.
 F = Levels seen in this place.
 G = Mean time per level.
                   A        B        C        D        E       F      G
               +--------+--------+--------+--------+--------+-----+--------+
         Total |   2920 |   2790 |    130 |    153 |   2168 |   4 |  730.0 |
       Dungeon |   2920 |   2790 |    130 |    153 |   2168 |   4 |  730.0 |
               +--------+--------+--------+--------+--------+-----+--------+

Top non-repeatable levels by time:
     D:3: 1211 daAuts
     D:2: 834 daAuts
     D:1: 814 daAuts
     D:4: 59 daAuts
